Map: Chantier naval orbital

Players

Joystick

  • Race: Zerg Zerg
  • League: Gold

Nebul - Winner!

  • Race: Zerg Zerg

VOD

Have the link to the VOD?

Description

Time

  • Played on: Dec. 20, 2015, 3:27 p.m.
  • Length: 10:23
Show
View Real Time Build Order
Export as new Build Order

Joystick Zerg 

Build Orders: Pool First 

Get SALT Encoding   

  12  0:02  Drone  
  13  0:09  Drone  
  14  0:17  Overlord  
  14  0:35  Spawning Pool  
  13  0:44  Drone x2  
  13  0:46  Drone  
  16  0:52  Extractor  
  15  1:00  Drone  
  16  1:10  Drone  
  17  1:23  Zergling x2  
  17  1:24  Queen  
  20  1:36  Drone  
  20  1:39  Overlord  
  21  1:53  Drone  
  22  1:55  Hatchery  
  21  2:05  Zergling x2  
  22  2:34  Zergling x6  
  25  2:37  Metabolic Boost  
  25  2:43  Baneling Nest  
  24  2:47  Zergling x4  
  24  2:48  Zergling x2  
  27  2:59  Zergling x2  
  30  3:07  Queen  
  30  3:13  Drone  
  31  3:23  Overlord x2  
  31  3:24  Overlord  
  31  3:31  Baneling x2  
  31  3:32  Baneling x5  
  31  3:37  Zergling x6  
  29  4:11  Zergling x12  
  33  4:23  Zergling x4  
  32  4:38  Zergling x4  
  32  4:46  Drone  
  33  4:55  Drone x2  
  33  4:58  Lair  
  35  5:02  Extractor  
  34  5:08  Baneling  
  34  5:09  Baneling x4  
  34  5:12  Zergling x4  
  34  5:13  Zergling x8  
  40  5:25  Drone x3  
  40  5:28  Drone  
  32  6:13  Zergling x2  
  32  6:14  Zergling x10  
  32  6:15  Zergling x14  
  32  6:16  Zergling x4  
  43  6:39  Evolution Chamber  
  42  6:40  Drone x2  
  42  6:41  Drone x2  
  42  6:42  Hatchery  
  45  7:11  Evolution Chamber  
  45  7:13  Drone x3  
  45  7:14  Drone x5  
  52  7:27  Overlord x3  
  52  7:34  Zerg Melee Weapons Level 1  
  52  7:44  Spire  
  52  7:47  Extractor  
  52  7:50  Extractor  
  49  7:52  Baneling x3  
  49  7:53  Baneling x7  
  49  7:54  Baneling  
  49  8:01  Zergling x6  
  25  8:33  Queen  
  24  8:49  Hatchery  
  23  9:01  Drone x6  
  23  9:02  Drone  
  30  9:14  Zergling x2  
  28  9:24  Zergling x4  
  28  9:25  Zergling x2  
  29  9:41  Spine Crawler  
  24  9:56  Spine Crawler  
Show
View Real Time Build Order
Export as new Build Order

Nebul Zerg - Winner!

Build Orders: Hatch First 

Get SALT Encoding   

  12  0:01  Drone  
  13  0:14  Overlord  
  13  0:18  Drone  
  14  0:43  Hatchery  
  13  0:52  Drone  
  14  1:04  Spawning Pool  
  14  1:08  Extractor  
  14  1:09  Drone  
  13  1:13  Drone  
  14  1:26  Drone x2  
  14  1:32  Drone  
  17  1:44  Overlord  
  17  1:52  Overlord  
  17  1:57  Queen  
  19  2:07  Spine Crawler  
  18  2:08  Zergling x2  
  19  2:16  Metabolic Boost  
  19  2:36  Zergling x6  
  19  2:37  Zergling x4  
  24  2:51  Spine Crawler, Zergling x2  
  24  3:02  Queen  
  26  3:27  Baneling Nest  
  26  3:29  Drone x4  
  26  3:32  Drone  
  30  3:48  Drone x2, Zergling x2  
  20  4:10  Zergling x4  
  20  4:11  Zergling x10  
  24  4:36  Queen  
  26  4:38  Drone  
  27  5:02  Spine Crawler  
  27  5:05  Zergling x10  
  31  5:16  Spine Crawler  
  31  5:18  Zergling x2  
  31  5:31  Overlord  
  31  5:34  Zergling x4  
  30  5:49  Zergling x8  
  23  6:05  Baneling Nest  
  23  6:07  Zergling x6  
  19  6:28  Zergling x4  
  21  6:44  Zergling x4  
  21  6:45  Zergling x2  
  24  6:55  Zergling x4  
  26  7:03  Drone x2  
  28  7:16  Baneling  
  28  7:17  Baneling x4  
  28  7:27  Overlord  
  28  7:39  Zergling x4  
  30  7:47  Zergling x2  
  31  7:53  Zergling x2  
  31  7:54  Zergling x2  
  33  8:04  Zergling x4  
  28  8:24  Zergling x6  
  23  8:39  Zergling x6  
  23  8:40  Zergling x2  
  25  8:45  Baneling x2  
  25  8:50  Drone  
  26  9:02  Zergling x4  
  28  9:09  Zergling x2  
  29  9:10  Zergling x2  
  29  9:20  Zergling x4  
  31  9:35  Zergling x6  
  34  9:45  Zergling x4  
  33  9:54  Zergling x4  
  33  10:01  Zergling x2  
Tags
 
Add a new tag
Caveats
  • Supply blocks, unpowered buildings, or Contaminate may cause inaccurate times.
  • Supply counts are checked every 10 seconds.